 Dungeon Crawl Stone Soup version 0.21-a0-522-ga8338f0 (webtiles) character file.

127 KristoblXynda the Ducker (level 4, 0/22 HPs)
             Began as a Spriggan Gladiator on Dec 6, 2017.
             Slain by Natasha (9 damage)
             ... on level 3 of the Dungeon.
             The game lasted 00:04:53 (1542 turns).

KristoblXynda the Ducker (Spriggan Gladiator)       Turns: 1542, Time: 00:04:54

Health: 0/22       AC:  2    Str: 10    XL:     4   Next: 85%
Magic:  5/5        EV: 21    Int: 10    God:
Gold:   130        SH:  0    Dex: 17    Spells: 3/3 levels left

rFire    . . .     SeeInvis +   a - +0 long sword
rCold    . . .     Gourm    .   (shield restricted)
rNeg     . . .     Faith    .   b - +0 robe
rPois    .         Spirit   .   c - +0 hat
rElec    .         Reflect  .   (no cloak)
rCorr    .         Harm     .   (gloves unavailable)
MR       .....                  (boots unavailable)
Stlth    +++.......             (no amulet)
HPRegen  0.07/turn              (no ring)
MPRegen  0.09/turn              (no ring)

@: very quick
A: very small, unfitting armour, see invisible, herbivore 3, speed 3, slow
metabolism 2
a: no special abilities


You were on level 3 of the Dungeon.
You were not hungry.

You visited 1 branch of the dungeon, and saw 3 of its levels.

You collected 130 gold pieces.

Inventory:

Hand Weapons
 a - a +0 long sword (weapon)
Missiles
 d - 4 throwing nets (quivered)
Armour
 b - a +0 robe (worn)
 c - a +0 hat (worn)
Jewellery
 k - an uncursed ring of wizardry {unknown}
 n - an uncursed ring of see invisible {unknown}
Scrolls
 e - 2 scrolls of teleportation {unknown}
 g - 3 scrolls of identify {unknown}
 i - a scroll of blinking {unknown}
 j - 2 scrolls of remove curse {unknown}
 l - a scroll of noise {unknown}
 o - a scroll of enchant armour {unknown}
 q - a scroll of immolation {unknown}
Potions
 h - a potion of might {unknown}
 m - 3 potions of degeneration {unknown}
 r - a potion of invisibility {unknown}
Comestibles
 f - 3 bread rations
 p - 2 fruits


   Skills:
 - Level 1.5 Fighting
 * Level 3.7 Long Blades
 - Level 2.0 Throwing
 + Level 5.5 Dodging
 + Level 3.2 Stealth


You had 3 spell levels left.
You didn't know any spells.

Dungeon Overview and Level Annotations

Branches:
Dungeon (3/15)

Altars:
The Shining One

Annotations:
D:3 Natasha


Innate Abilities, Weirdness & Mutations

You are very small and have problems with some larger weapons.
You are too small for most types of armour.
You have supernaturally acute eyesight. (SInv)
You are a herbivore.
You cover ground extremely quickly.
You need consume almost no food.


Message History

Done exploring.
Done exploring.
There is a stone staircase leading down here.
You climb downwards.
Natasha, Servant of Life and Death comes into view.
Found a scroll labeled LOELITR LAVO.
There is a stone staircase leading up here.
Natasha hisses angrily.
Natasha closely misses you.
You slash Natasha!
Natasha is heavily wounded.
Natasha claws you but does no damage.
You closely miss Natasha.
Natasha is heavily wounded.
Natasha stares at you and mumbles some strange words.
The magic dart hits you!
You closely miss Natasha.
Natasha is heavily wounded.
Natasha claws you!
You die...

.##
###..####
##.........
##..........
#...........
#.........?.
#h..........
#.@.........
#...........
#...<....^..
##..........
##.........
#.###....#
..# ...##
.### .## . #


You could see Natasha.

Vanquished Creatures
  A bullfrog skeleton (D:2)
  2 adders (D:2)
  3 oozes
  A worm (D:2)
  4 dart slugs (D:1)
  2 leopard geckos
  4 giant cockroaches (D:1)
  3 goblins (D:2)
  5 hobgoblins
  6 jackals
  A ball python (D:1)
  13 bats
  5 kobolds
  11 rats
61 creatures vanquished.

Notes
Turn   | Place    | Note
-------+----------+-------------------------------------------
     0 | D:1      | KristoblXynda the Spriggan Gladiator began the quest for the Orb.
     0 | D:1      | Reached XP level 1. HP: 10/10 MP: 2/2
    78 | D:1      | Reached skill level 1 in Stealth
   121 | D:1      | Reached XP level 2. HP: 14/14 MP: 3/3
   471 | D:1      | Reached XP level 3. HP: 16/18 MP: 4/4
   595 | D:1      | Reached skill level 5 in Dodging
   913 | D:2      | Reached XP level 4. HP: 18/22 MP: 5/5
  1127 | D:2      | Found a glowing golden altar of the Shining One.
  1537 | D:3      | Noticed Natasha
  1542 | D:3      | Slain by Natasha

Vault maps used:
D:1:      onia_arrival_larder
D:2:      tso_altar
D:3:      minmay_stone_trees_medium, uniq_natasha

Skill      XL: |  1  2  3  4 |
---------------+-------------+-----
Stealth        | 1 2 3 |  3.2
Long Blades    | 3 |  3.7
Dodging        | 5 |  5.5
Fighting       | |  1.5
Throwing       | |  2.0

Action                   |  1- 3 |  4- 6 || total
-------------------------+-------+-------++-------
Melee: Long sword        |    79 |    55 ||   134
 Stab: Sleeping          |     3 |     3 ||     6
       Distracted        |       |     1 ||     1
Armor: Robe              |     7 |     7 ||    14
Dodge: Dodged            |    83 |    60 ||   143
       Rpst.: Long sword |    29 |    18 ||    47

Table legend:
 A = Spawn XP
 B = Non-spawn XP
 C = Spawn XP percentage of total XP
 D = Spawn monster count
 E = Non-spawn monster count
 F = Spawn count percentage of total count
 G = Total turns spent on level
                    A         B        C        D         E        F      G
               +---------+---------+-------+---------+---------+-------+---------
         Total |       0 |     182 |   0.0 |       0 |      61 |   0.0 |  1542
               +---------+---------+-------+---------+---------+-------+---------
           D:1 |       0 |      73 |   0.0 |       0 |      37 |   0.0 |   853
           D:2 |       0 |     109 |   0.0 |       0 |      24 |   0.0 |   684
               +---------+---------+-------+---------+---------+-------+---------
